 Dungeon Sprint DCSS version 0.20.1-1-g8b1a95d (webtiles) character file.

724 Inth the Grappler (level 7, -3/61 (62) HPs)
             Began as a Ghoul Gladiator on July 20, 2017.
             Slain by a red devil
             ... wielding a +2 demon trident of flaming
             ... summoned by a kobold demonologist
              (5 damage)
             ... in the Dungeon (Sprint I: "Red Sonja").
             The game lasted 00:05:19 (732 turns).

Inth the Grappler (Ghoul Gladiator)                  Turns: 732, Time: 00:05:20

HP:   -3/61 (62)    AC:  9    Str: 19    XL:     7   Next: 71%
MP:   6/6           EV: 15    Int:  3    God:
Gold: 237           SH:  0    Dex: 11    Spells: 6/6 levels left

rFire    . . .     SeeInvis .     - Unarmed
rCold    + . .     Gourm    .   (no shield)
rNeg     + + +     Faith    .   q - +3 ring mail
rPois    ∞         Spirit   .   b - +0 helmet
rElec    .         Reflect  .   (no cloak)
rCorr    .         Harm     .   (no gloves)
MR       .....     NoTele   +   (no boots)
Stlth    ++........             (no amulet)
Regen    0.0/turn               (no ring)
MPRegen  0.1/turn               (no ring)

@: rotting
A: rotting body, claws 1, carnivore 3, cold resistance 1, negative energy
resistance 3, inhibited regeneration, torment resistance, unbreathing
a: no special abilities


You were in the Dungeon.
You were not hungry.

You visited 1 branch You collected 405 gold pieces.
You spent 168 gold pieces at shops.

Inventory:

Hand Weapons
 k - a +0 club
 m - a +0 giant spiked club
 n - a cursed -3 scythe
Missiles
 o - 25 arrows
Armour
 a - a +0 leather armour
 b - a +0 helmet (worn)
 l - a +0 leather armour
 q - a +3 ring mail (worn)
Scrolls
 j - a scroll of blinking
Potions
 e - a potion of curing
 f - a potion of heal wounds
 g - a potion of haste
 h - 2 potions of magic
 i - a potion of berserk rage
Comestibles
 d - 2 meat rations


   Skills:
 + Level 5.8 Fighting
 + Level 5.0 Throwing
 + Level 3.1 Armour
 + Level 8.9 Dodging
 + Level 3.4 Stealth
 + Level 11.7 Unarmed Combat


You had 6 spell levels left.
You didn't know any spells.

Dungeon Overview and Level Annotations

Branches:
Dungeon (1/1)

Altars:
Cheibriados
Dithmenos
Elyvilon
Fedhas
Gozag
Hepliaklqana
Kikubaaqudgha
Makhleb
Nemelex Xobeh
Okawaru
Qazlal
Ru
Sif Muna
Trog
Uskayaw
Vehumet
Xom
Yredelemnul
Zin
The Shining One
Jiyva
Lugonu

Shops:
D [


Innate Abilities, Weirdness & Mutations

Your body is rotting away.
You thrive on raw meat.
You are immune to poison.
You have sharp fingernails.
You are carnivorous and can eat meat at any time.
Your flesh is cold resistant. (rC+)
You are immune to negative energy. (rN+++)
You do not regenerate when monsters are visible.
You are immune to unholy pain and torment.
You can survive without breathing.


Message History

You mangle the floating eye!!
You kill the floating eye!
Your Throwing skill increases to level 5!
Your Armour skill increases to level 3!
Your Stealth skill increases to level 3!
The kobold demonologist looks braver for a moment.
The sixfirhy hits you. The sixfirhy shocks you! The sixfirhy hits you!
The sixfirhy shocks you!
The red devil hits you but does no damage.
The sixfirhy barely misses you.
The kobold demonologist looks encouraged for a moment.
Firing (i - inventory): No suitable missiles.
Press: ? - help, Shift-Dir - straight line, f - sixfirhy
Aim: a sixfirhy (summoned)
Okay, then.
You barely miss the sixfirhy.
The red devil hits you from afar with a demon trident of flaming!!
* * * LOW HITPOINT WARNING * * *
The red devil burns you.
You die...

#########################
<.#..'..#..'..#__#4.4K..#
..'†.#..'[.#..'.@3K.#...#
..#####'#####'#__#### ..+
..####..#...#.#### ##
..#__####..##.#
..#_____##'#..+
⌠⌠#_.∩...'..._#
###_..__##_.#+#
#_____###+# #######


You could see a rust devil, 2 kobold demonologists, a sixfirhy and a red devil.

Vanquished Creatures
  A slime creature (D)
  Sigmund (D)
  A yak (D)
  A floating eye (D)
  An ogre (D)
  A jelly (D)
  Ijyb (D)
7 creatures vanquished.

Notes
Turn   | Place    | Note
-------+----------+-------------------------------------------
     0 | D        | Inth the Ghoul Gladiator began the quest for the Orb.
     0 | D        | Reached XP level 1. HP: 17/17 MP: 0/0
     2 | D        | Noticed Ijyb
    15 | D        | Killed Ijyb
    15 | D        | Reached skill level 5 in Unarmed Combat
    15 | D        | Reached XP level 2. HP: 17/25 MP: 1/1
    15 | D        | Reached XP level 3. HP: 21/30 MP: 2/2
    95 | D        | Noticed an ogre
   103 | D        | Killed an ogre
   103 | D        | Reached skill level 5 in Dodging
   103 | D        | Reached skill level 7 in Unarmed Combat
   103 | D        | Reached XP level 4. HP: 39/39 MP: 3/3
   108 | D        | Noticed Sigmund
   124 | D        | Killed Sigmund
   124 | D        | Reached skill level 1 in Armour
   124 | D        | Reached skill level 1 in Stealth
   124 | D        | Reached skill level 9 in Unarmed Combat
   124 | D        | Reached XP level 5. HP: 11/46 MP: 4/4
   124 | D        | Reached XP level 6. HP: 13/52 MP: 5/5
   368 | D        | Found a deep blue altar of Sif Muna.
   398 | D        | Found a radiant altar of Vehumet.
   529 | D        | Found Tadway's Antique Armour Emporium.
   529 | D        | Found an ancient bone altar of Kikubaaqudgha.
   529 | D        | Found a hazy altar of Hepliaklqana.
   529 | D        | Found a stormy altar of Qazlal.
   529 | D        | Found a hide-covered altar of Uskayaw.
   529 | D        | Found a blossoming altar of Fedhas.
   529 | D        | Found a bloodstained altar of Trog.
   529 | D        | Found an iron altar of Okawaru.
   529 | D        | Found a basalt altar of Yredelemnul.
   529 | D        | Found a glowing golden altar of the Shining One.
   529 | D        | Found a snail-covered altar of Cheibriados.
   529 | D        | Found a sacrificial altar of Ru.
   529 | D        | Found a glowing silver altar of Zin.
   529 | D        | Found a shadowy altar of Dithmenos.
   529 | D        | Found a white marble altar of Elyvilon.
   529 | D        | Noticed a yak
   530 | D        | Found an opulent altar of Gozag.
   540 | D        | Killed a yak
   540 | D        | Reached skill level 5 in Fighting
   540 | D        | Reached skill level 10 in Unarmed Combat
   540 | D        | Reached XP level 7. HP: 45/59 MP: 6/6
   541 | D        | Found a sparkling altar of Nemelex Xobeh.
   563 | D        | Bought a glowing ring mail for 168 gold pieces
   685 | D        | Found a burning altar of Makhleb.
   685 | D        | Found a viscous altar of Jiyva.
   685 | D        | Found a shimmering altar of Xom.
   685 | D        | Found a corrupted altar of Lugonu.
   685 | D        | Noticed a slime creature
   695 | D        | Killed a slime creature
   695 | D        | Reached skill level 11 in Unarmed Combat
   720 | D        | Noticed a kobold demonologist
   721 | D        | Noticed a kobold demonologist
   726 | D        | Noticed a rust devil
   727 | D        | Paralysed by a floating eye for 3 turns
   730 | D        | Noticed a neqoxec
   730 | D        | Noticed a sixfirhy
   730 | D        | Noticed a red devil
   730 | D        | Reached skill level 5 in Throwing
   732 | D        | HP: 2/61 [red devil/demon trident of flaming[a kobold demonologist] (21)]
   732 | D        | Slain by a red devil

Skill      XL: |  1  2  3  4  5  6  7 |
---------------+----------------------+-----
Throwing       | 2 3 4 5 |  5.0
Dodging        | 4 5 7 8 |  8.9
Unarmed Combat | 5 7 9 10 11 | 11.7
Fighting       | 3 4 5 |  5.8
Armour         | 1 2 3 |  3.1
Stealth        | 1 2 3 |  3.4

Action                   |  1- 3 |  4- 6 |  7- 9 || total
-------------------------+-------+-------+-------++-------
Melee: Unarmed           |    18 |    20 |     8 ||    46
       Punch             |       |     2 |     1 ||     3
Throw: Throwing net      |     1 |     2 |     3 ||     6
 Stab: Held in net/web   |       |     1 |     2 ||     3
  Eat: Chunk             |       |       |     2 ||     2
Armor: Leather armour    |     2 |       |       ||     2
       Ring mail         |       |       |     2 ||     2
Dodge: Dodged            |     6 |     8 |     1 ||    15
